 Seeded DCSS version 0.30-a0-373-gd37427bb62 (webtiles) character file.

Game seed: 7675685303403244764 (custom seed)

170 purpskrrrp the Magician (level 5, -8/28 HPs)
             Began as a Deep Elf Conjurer on Nov 25, 2022.
             Mangled by a mummy (13 damage)
             ... in an ossuary.
             The game lasted 00:05:23 (3573 turns).

purpskrrrp the Magician (Deep Elf Conjurer)         Turns: 3573, Time: 00:05:23

Health: -8/28      AC:  3    Str:  4    XL:     5   Next: 25%
Magic:  3/14       EV: 13    Int: 25    God:
Gold:   131        SH:  5    Dex: 13    Spells: 11/14 levels left

rFire   . . .      SeeInvis .    k - staff of conjuration
rCold   + . .      Faith    .    (no shield)
rNeg    . . .      Spirit   .    a - +0 robe
rPois   .          Reflect  +    n - +0 helmet
rElec   .          Harm     .    (no cloak)
rCorr   .          Rampage  .    (no gloves)
Will    .....                    (no boots)
Stlth   ++........               o - amulet of reflection
HPRegen 0.24/turn                g - ring of protection from cold
MPRegen 0.14/turn                (no ring)

@: no status effects
A: no striking features
a: no special abilities


You were in an ossuary.
You visited 1 branch of the dungeon, and saw 4 of its levels.
You also visited: Ossuary.

You collected 131 gold pieces.

Inventory:

Armour
 a - a +0 robe (worn)
 n - a +0 helmet (worn)
Magical Staves
 k - a staff of conjuration (weapon)
Jewellery
 g - a ring of protection from cold (left hand)
 j - an amulet of faith
 o - an amulet of reflection (around neck)
 p - a ring of fire
Scrolls
 d - 6 scrolls of teleportation
Potions
 b - a potion of magic
 c - 2 potions of ambrosia {unknown}
 i - 4 potions of curing
 l - a potion of brilliance
 m - a potion of flight {unknown}


   Skills:
 + Level 3.7 Dodging
 - Level 2.4 Stealth
 * Level 5.4 Spellcasting
 + Level 5.1 Conjurations
 + Level 1.7 Evocations


You had 11 spell levels left.
You knew the following spells:

 Your Spells              Type           Power      Damage    Failure   Level
a - Magic Dart            Conj           100%       1d8       1%          1
b - Searing Ray           Conj           96%        2d7       1%          2

Your spell library contained the following spells:

 Spells                   Type           Power      Damage    Failure   Level
 Dazzling Flash           Conj/Hex       58%        N/A       9%          3
 Spider Form              Tmut/Pois      6%         N/A       24%         3
 Fulminant Prism          Conj/Hex       14%        3d9       28%         4
 Iskenderun's Mystic Bla  Conj/Tloc      29%        2d7       28%         4
 Olgreb's Toxic Radiance  Pois           6%         N/A       61%         4
 Summon Lightning Spire   Summ/Air       6%         N/A       61%         4
 Storm Form               Tmut/Air       3%         N/A       100%        7


Dungeon Overview and Level Annotations

Branches:
Dungeon (4/15)            Ossuary (1/1)
 Temple: D:4-7

Altars:
Hepliaklqana

Shops:
D:2 :


Message History

You hit the mummy but do no damage. The mummy barely misses you.
The mummy hits you.
* * * LOW HITPOINT WARNING * * *
You barely miss the mummy. You block the mummy's attack.
Casting: Magic Dart (safe; 1% risk of failure)
Confirm with . or Enter, or press ? or * to list all spells.
Aiming: Magic Dart (safe; 1% risk of failure)
Press: ? - help, Shift-Dir - straight line, f/p - mummy
Aim: a mummy (moderately damaged, 100% to hit)
You feel a surge of power!
The magic dart hits the mummy.
The mummy is heavily damaged.
The mummy hits you.
* * * LOW HITPOINT WARNING * * *
Casting: Magic Dart (safe; 1% risk of failure)
Confirm with . or Enter, or press ? or * to list all spells.
Aiming: Searing Ray (safe; 1% risk of failure)
Press: ? - help, Shift-Dir - straight line, f/p - mummy
Aim: a mummy (heavily damaged, 92% to hit)
You feel a surge of power!
The searing ray hits the mummy!
You destroy the mummy! (Press . to maintain the ray.)
The mummy barely misses you.
Casting: Searing Ray (safe; 1% risk of failure)
Confirm with . or Enter, or press ? or * to list all spells.
Restarting spell: Searing Ray (safe; 1% risk of failure)
Press: ? - help, Shift-Dir - straight line, f - mummy
Aim: a mummy (92% to hit)
You feel a surge of power!
The searing ray hits the mummy.
The mummy is moderately damaged. (Press . to maintain the ray.)
Casting: Searing Ray (safe; 1% risk of failure)
Confirm with . or Enter, or press ? or * to list all spells.
Restarting spell: Searing Ray (safe; 1% risk of failure)
Press: ? - help, Shift-Dir - straight line, f/p - mummy
Aim: a mummy (moderately damaged, 92% to hit)
You feel a surge of power!
The searing ray hits the mummy.
The mummy is heavily damaged. (Press . to maintain the ray.)
The mummy hits you!
You die...

###
######..#
#......##
+@M.∩...#
#......##
######..#
###


You could see a mummy.

Vanquished Creatures
  2 mummies (Ossuary)
  7 gnolls
  4 adders
  2 dart slugs
  An orc (D:3)
  An endoplasm (D:2)
  2 giant cockroaches
  A goblin (D:1)
  4 hobgoblins
  3 quokkas
  4 ball pythons
  2 bats (D:1)
  A frilled lizard (D:3)
  5 kobolds
  5 rats
44 creatures vanquished.

Notes
Turn   | Place    | Note
-------+----------+-------------------------------------------
     0 | D:1      | purpskrrrp the Deep Elf Conjurer began the quest for the
                  | Orb.
     0 | D:1      | Reached XP level 1. HP: 10/10 MP: 6/6
   343 | D:1      | Found a faded altar of an unknown god.
   727 | D:1      | Reached XP level 2. HP: 15/15 MP: 3/8
  1105 | D:2      | Found Kemun's Vocational Training.
  1311 | D:2      | Got Unuxtu's Anthology of Vapourous Contamination
  1510 | D:2      | Reached XP level 3. HP: 19/19 MP: 8/10
  2290 | D:3      | Reached XP level 4. HP: 24/24 MP: 8/12
  2347 | D:3      | Reached skill level 1 in Evocations
  2696 | D:3      | Reached skill level 5 in Spellcasting
  2699 | D:3      | Learned a level 2 spell: Searing Ray
  2749 | D:3      | Found a hazy altar of Hepliaklqana.
  3044 | D:3      | Reached skill level 5 in Conjurations
  3056 | D:3      | Reached XP level 5. HP: 24/28 MP: 1/14
  3547 | D:4      | Found a sand-covered staircase.
  3555 | Ossuary  | Entered an ossuary
  3573 | Ossuary  | Mangled by a mummy

Illustrated notes

Levels and vault maps discovered:
D:1:      evilmike_arrival_hilbert_curve, layout_basic,
          dreamdust_ecumenical_altar_statues
D:2:      layout_basic, st_stairs_12, nicolae_shop_vocational
D:3:      layout_basic, lemuel_round_altar,
          wander_ebering_terrifying_dragon_lair
D:4:      layout_layer_cave, chequers_ossuary_entry_cave, nrook_uturn,
          uniq_sigmund, uniq_pikel
Ossuary:  ossuary_minmay_chase

Skill      XL: |  1  2  3  4 |
---------------+-------------+-----
Spellcasting   | 4 5 |  5.4
Dodging        | 3 |  3.7
Evocations     | 1 |  1.7
Conjurations   | 5 |  5.1
Stealth        | |  2.4

Action                   |  1- 3 |  4- 6 || total
-------------------------+-------+-------++-------
Melee: Unarmed           |    27 |       ||    27
       Punch             |     1 |       ||     1
       Staff             |     3 |    17 ||    20
 Cast: Magic Dart        |    56 |    51 ||   107
       Searing Ray       |       |     3 ||     3
  Use: Scroll            |       |     7 ||     7
Armor: Robe              |     6 |     2 ||     8
Dodge: Dodged            |    34 |    14 ||    48
Block: Other             |       |     4 ||     4
       Reflection        |       |     1 ||     1

Table legend: (Time is in decaauts)
 A = Elapsed time spent in this place.
 B = Non-inter-level travel time spent in this place.
 C = Inter-level travel time spent in this place.
 D = Time resting spent in this place.
 E = Time spent auto-exploring this place.
 F = Levels seen in this place.
 G = Mean time per level.
                   A        B        C        D        E       F      G
               +--------+--------+--------+--------+--------+-----+--------+
         Total |   3575 |   3388 |    187 |    194 |   2827 |   5 |  715.0 |
       Dungeon |   3557 |   3370 |    187 |    194 |   2827 |   4 |  889.2 |
       Ossuary |     18 |     18 |      0 |      0 |      0 |   1 |   18.0 |
               +--------+--------+--------+--------+--------+-----+--------+

Top non-repeatable levels by time:
     D:3: 1232 daAuts
     D:2: 1192 daAuts
     D:1: 1068 daAuts
     D:4: 64 daAuts
 Ossuary: 18 daAuts
